 Dungeon Crawl Stone Soup version 0.25-a0-294-gea9b1ad (webtiles) character file.

Game seed: 1877854986620907877, levelgen mode: deterministic

2802 Telstra101 the Blocker (level 9, -4/99 HPs)
             Began as a Gnoll Fighter on Dec 18, 2019.
             Was a Plaything of Xom.
             Slain by a hornet (7 damage)
             ... on level 7 of the Dungeon.
             The game lasted 00:25:31 (5229 turns).

Telstra101 the Blocker (Gnoll Fighter)              Turns: 5229, Time: 00:25:32

Health: -4/99      AC: 24    Str: 23    XL:     9   Next: 71%
Magic:  15/15      EV:  2    Int: 15    God:    Xom [....*.]
Gold:   256        SH: 12    Dex: 17    Spells: 16/16 levels left

rFire    . . .     SeeInvis .   A - +1 hand axe (elec)
rCold    . . .     Gourm    .   c - +0 shield
rNeg     + + +     Faith    .   (armour currently unavailable)
rPois    +         Spirit   .   (helmet currently unavailable)
rElec    .         Reflect  .   (cloak currently unavailable)
rCorr    .         Harm     .   (gloves currently unavailable)
MR       +....     NoTele   +   (boots currently unavailable)
Stlth    +++.......             r - amulet of rage
HPRegen  0.26/turn              u - +3 ring of dexterity
MPRegen  0.14/turn              x - ring of protection from magic

@: brilliant, tree-form, slowed, very slow
A: distributed training, frail 1, evolution 1, strong nose
a: Renounce Religion, Evoke Berserk Rage


You were on level 7 of the Dungeon.
You worshipped Xom.
You were a beloved toy of Xom.
You were not hungry.
You were a tree.
You visited 2 branches of the dungeon, and saw 8 of its levels.
You also visited: Sewer.

You collected 256 gold pieces.

Inventory:

Hand Weapons
 a - a +1 long sword
 w - a +0 giant club
 A - a +1 hand axe of electrocution (weapon)
Armour
 b - a +1 scale mail
 c - a +0 shield (worn)
 v - a +0 pair of gloves (melded)
 y - a +0 plate armour (melded)
Jewellery
 d - an uncursed ring of protection from cold
 h - an uncursed ring of protection from cold
 o - an uncursed ring of magical power
 r - an amulet of rage (around neck)
 u - a +3 ring of dexterity (left branch)
 x - a ring of protection from magic (right branch)
 D - a cursed -2 ring of intelligence {unknown}
Wands
 e - a wand of flame (25)
Scrolls
 j - a scroll of remove curse
 l - 3 scrolls of teleportation
 q - a scroll of fear
 z - 2 scrolls of enchant armour
Potions
 g - a potion of haste
 i - 2 potions of flight
 p - a potion of brilliance
 s - a potion of curing
Comestibles
 f - 14 rations


   Skills:
 + Level 8.0 Fighting
 + Level 4.4 Short Blades
 + Level 6.4 Long Blades
 + Level 4.4 Axes
 + Level 4.4 Maces & Flails
 + Level 4.4 Polearms
 + Level 4.4 Staves
 + Level 4.4 Slings
 + Level 4.4 Bows
 + Level 4.4 Crossbows
 + Level 4.4 Throwing
 + Level 8.0 Armour
 + Level 4.4 Dodging
 + Level 4.4 Stealth
 + Level 8.0 Shields
 + Level 4.4 Unarmed Combat
 + Level 4.4 Spellcasting
 + Level 3.6 Conjurations
 + Level 3.6 Hexes
 + Level 3.6 Charms
 + Level 3.6 Summonings
 + Level 3.6 Necromancy
 + Level 3.6 Translocations
 + Level 3.6 Transmutations
 + Level 3.6 Fire Magic
 + Level 3.6 Ice Magic
 + Level 3.6 Air Magic
 + Level 3.6 Earth Magic
 + Level 3.6 Poison Magic
 + Level 4.9 Invocations
 + Level 4.4 Evocations


You had 16 spell levels left.
You didn't know any spells.
Your spell library contained the following spells:

 Spells                   Type           Power        Failure   Level  Hunger
 Animate Skeleton         Necr           N/A          1%          1    None
 Apportation              Tloc           ###...       1%          1    None
 Confusing Touch          Hex            ###...       1%          1    None
 Magic Dart               Conj           ###.         1%          1    None
 Summon Small Mammal      Summ           ###.         1%          1    None
 Blink                    Tloc           N/A          1%          2    ##.....
 Call Imp                 Summ           ###.....     1%          2    ##.....
 Slow                     Hex            ###.....     1%          2    ##.....
 Conjure Flame            Conj/Fire      ###.....     3%          3    ###....
 Mephitic Cloud           Conj/Pois/Air  ###.....     3%          3    ###....


Dungeon Overview and Level Annotations

Branches:
Dungeon (7/15)             Temple (1/1) D:4           Sewer (visited)

Altars:
Ashenzari
Cheibriados
Dithmenos
Elyvilon
Fedhas
Gozag
Hepliaklqana
Kikubaaqudgha
Makhleb
Nemelex Xobeh
Okawaru
Qazlal
Ru
Sif Muna
Vehumet
Xom
Yredelemnul
Zin
The Shining One

Shops:
D:7 :

Annotations:
D:7 1 transporter, crawlisdead's ghost, novice CeHu


Innate Abilities, Weirdness & Mutations

Your experience applies equally to all skills.
((You have very sharp teeth.))
Your uncanny sense of smell can sniff out nearby items.
You are frail. (-10% HP)
You evolve.


Message History

The killer bee stings you.
* * * LOW HITPOINT WARNING * * *
The killer bee completely misses you.
The hornet stings you but does no damage.
Crawlisdead's ghost hits you.
* * * LOW HITPOINT WARNING * * *
The killer bee barely misses you.
It was a potion of magic.
Magic courses through your body. You block the killer bee's attack.
The killer bee stings you but does no damage.
The hornet barely misses you. You block the killer bee's attack.
The killer bee barely misses you.
The killer bee stings you but does no damage.
Crawlisdead's ghost hits you but does no damage.
The hornet stings you but does no damage.
The killer bee stings you but does no damage. x3
You block crawlisdead's ghost's attack. You block the killer bee's attack.
The hornet stings you!
You die...
Xom roars with laughter!

########### #####.....##
########..........# ∆
#.......^...##.##.# ###
#.####...##.##.##.###.....
#.####...#..##.##.<......#
#.##.....#..##.######..#.#
##.#.......©.......# #
#....#############..#
#...#####yy♣y_# #..#
#..###..y#Wyy#...# #...
#..##..#.y###_.#%.# ..##
#..###...#. #...## .#
#...#####$. #### #
##.###...# ∆ #.# #
#.##..#..###..#..
#.###.#.#...#...
#..#####.?©()#


You could see a queen bee, a hornet, 5 killer bees and crawlisdead's ghost.

Vanquished Creatures
  Joseph (D:7)
  Sigmund (D:2)
  A hungry ghost (D:7)
  Menkaure (D:7)
  A phantom (D:5)
  4 ogres
  3 centaurs
  4 bullfrogs
  A scorpion (D:6)
  A water moccasin skeleton (D:6)
  A howler monkey (D:4)
  4 crimson imps
  3 hounds
  3 orc priests
  6 orc wizards (D:5)
  A centaur skeleton (D:7)
  An iguana (D:7)
  4 worker ants
  A hound skeleton (D:4)
  20 adders
  A shadow imp (D:6)
  An ooze (D:3)
  A worm (D:2)
  4 dart slugs
  6 leopard geckos
  27 orcs
  5 ball pythons
  15 giant cockroaches
  4 hobgoblins
  5 quokkas
  9 bats
  8 frilled lizards
  5 goblins
  3 kobolds
  A quokka zombie (D:5)
  6 rats
163 creatures vanquished.

Vanquished Creatures (collateral kills)
  A scorpion (D:7)
  A quasit (D:7)
  A jelly (D:7)
  2 iguanas (D:7)
  An orc wizard (D:6)
  A worker ant (D:7)
  An adder (D:7)
  A leopard gecko (D:7)
9 creatures vanquished.

Grand Total: 172 creatures vanquished

Notes
Turn   | Place    | Note
-------+----------+-------------------------------------------
     0 | D:1      | Telstra101 the Gnoll Fighter began the quest for the Orb.
     0 | D:1      | Reached XP level 1. HP: 23/23 MP: 1/1
   211 | D:1      | Reached XP level 2. HP: 27/29 MP: 2/2
   785 | D:2      | Reached XP level 3. HP: 31/35 MP: 3/3
   821 | D:2      | Reached skill level 1 in Invocations
   880 | D:2      | Reached skill level 1 in Short Blades
   880 | D:2      | Reached skill level 1 in Axes
   880 | D:2      | Reached skill level 1 in Maces & Flails
   880 | D:2      | Reached skill level 1 in Polearms
   880 | D:2      | Reached skill level 1 in Staves
   880 | D:2      | Reached skill level 1 in Slings
   880 | D:2      | Reached skill level 1 in Bows
   880 | D:2      | Reached skill level 1 in Crossbows
   880 | D:2      | Reached skill level 1 in Throwing
   880 | D:2      | Reached skill level 1 in Dodging
   880 | D:2      | Reached skill level 1 in Stealth
   880 | D:2      | Reached skill level 1 in Unarmed Combat
   880 | D:2      | Reached skill level 1 in Spellcasting
   880 | D:2      | Reached skill level 1 in Evocations
   894 | D:2      | Noticed Sigmund
   924 | D:3      | Reached XP level 4. HP: 28/41 MP: 5/5
  1288 | D:3      | Reached skill level 1 in Conjurations
  1288 | D:3      | Reached skill level 1 in Hexes
  1288 | D:3      | Reached skill level 1 in Charms
  1288 | D:3      | Reached skill level 1 in Summonings
  1288 | D:3      | Reached skill level 1 in Necromancy
  1288 | D:3      | Reached skill level 1 in Translocations
  1288 | D:3      | Reached skill level 1 in Transmutations
  1288 | D:3      | Reached skill level 1 in Fire Magic
  1288 | D:3      | Reached skill level 1 in Ice Magic
  1288 | D:3      | Reached skill level 1 in Air Magic
  1288 | D:3      | Reached skill level 1 in Earth Magic
  1288 | D:3      | Reached skill level 1 in Poison Magic
  1572 | D:3      | Reached XP level 5. HP: 40/47 MP: 6/6
  1636 | D:2      | Killed Sigmund
  1636 | D:2      | Reached XP level 6. HP: 52/53 MP: 6/8
  1725 | D:2      | Found an opulent altar of Gozag.
  1728 | D:2      | Found a shimmering altar of Xom.
  1728 | D:2      | Found an ancient bone altar of Kikubaaqudgha.
  1730 | D:2      | Found an ornate altar of the Wu Jian Council.
  1730 | D:2      | Found an iron altar of Okawaru.
  1730 | D:2      | Found a glowing silver altar of Zin.
  1769 | D:2      | Became a worshipper of Xom of Chaos
  1953 | D:2      | XOM: divination: detect items
  2056 | D:2      | XOM: divination: detect items
  2207 | D:4      | XOM: potion effect (invisibility)
  2211 | D:4      | Reached skill level 5 in Long Blades
  2606 | D:4      | Found a staircase to the Ecumenical Temple.
  2609 | D:4      | XOM: harmless Ice miscast
  2626 | Temple   | Entered the Ecumenical Temple
  2655 | Temple   | XOM: harmless Fire miscast
  2861 | D:5      | Entered Level 5 of the Dungeon
  2907 | D:5      | Found a glowing drain.
  2913 | D:5      | Reached XP level 7. HP: 59/59 MP: 10/10
  3015 | D:5      | XOM: potion effect (berserk rage)
  3064 | Sewer    | Entered a sewer
  3315 | Sewer    | Reached XP level 8. HP: 67/67 MP: 12/12
  3840 | D:5      | XOM: draining
  3959 | D:5      | XOM is BORED!
  4413 | D:6      | XOM: potion effect (brilliance)
  4425 | D:6      | XOM: potion effect (heal wounds)
  4429 | D:6      | XOM: polymorph orc warrior -> swamp drake
  4431 | D:6      | XOM: polymorph swamp drake -> centaur
  4435 | D:6      | XOM: cast spell 'Death Channel'
  4441 | D:6      | Reached XP level 9. HP: 22/72 MP: 14/14
  4488 | D:6      | XOM: chaos cloud
  4568 | D:6      | Found a shimmering blue altar of Sif Muna.
  4569 | D:6      | Found an iron altar of Okawaru.
  4573 | D:6      | Found a burning altar of Makhleb.
  4577 | D:6      | Found a shadowy altar of Dithmenos.
  4579 | D:6      | Found a snail-covered altar of Cheibriados.
  4701 | D:7      | Noticed Joseph
  4707 | D:7      | XOM: cleaving
  4724 | D:7      | XOM: confuse monster(s)
  4739 | D:7      | Killed Joseph
  4754 | D:7      | XOM: cast spell 'Call Canine Familiar'
  4880 | D:7      | Noticed Menkaure
  4890 | D:7      | Killed Menkaure
  5062 | D:7      | Found Roaclya's Book Shop.
  5119 | D:7      | Noticed a queen bee
  5119 | D:7      | Noticed a hornet
  5128 | D:7      | Noticed crawlisdead's ghost (novice CeHu)
  5203 | D:7      | Found a transporter.
  5213 | D:7      | Found a transporter.
  5222 | D:7      | Gained mutation: You are frail. (-10% HP) [potion of
                  | mutation]
  5222 | D:7      | Gained mutation: You evolve. [potion of mutation]
  5222 | D:7      | Paralysed by a hornet for 3 turns
  5225 | D:7      | HP: 3/66 [hornet (1)]
  5228 | D:7      | XOM: scenery: create altars
  5229 | D:7      | Slain by a hornet

Levels and vault maps discovered:
D:1:      nzn_arrival_settlement, layout_loops_cross
D:2:      layout_loops_ring, doesnt_xom_only_xom, hangedman_decor_push,
          uniq_sigmund
D:3:      layout_basic, saegor_snake_ambush
D:4:      layout_gridville, minmay_temple_entry_drinking_statues
D:5:      layout_loops_cross, gup_sewer_entry_glass, first_ration
D:6:      layout_cave_pools, grunt_temple_overflow_open,
          hangedman_minor_gate_pass
D:7:      layout_loops_cross, gammafunk_ghost_hive, serial_shops, shop,
          uniq_menkaure, uniq_joseph
Temple:   cyrus_circular_temple

Skill      XL: |  1  2  3  4  5  6  7  8  9 |
---------------+----------------------------+-----
Invocations    | 1 2 3 4 |  4.9
Short Blades   | 1 2 3 4 |  4.4
Axes           | 1 2 3 4 |  4.4
Maces & Flails | 1 2 3 4 |  4.4
Polearms       | 1 2 3 4 |  4.4
Staves         | 1 2 3 4 |  4.4
Slings         | 1 2 3 4 |  4.4
Bows           | 1 2 3 4 |  4.4
Crossbows      | 1 2 3 4 |  4.4
Throwing       | 1 2 3 4 |  4.4
Dodging        | 1 2 3 4 |  4.4
Stealth        | 1 2 3 4 |  4.4
Unarmed Combat | 1 2 3 4 |  4.4
Spellcasting   | 1 2 3 4 |  4.4
Evocations     | 1 2 3 4 |  4.4
Conjurations   | 1 2 3 |  3.6
Hexes          | 1 2 3 |  3.6
Charms         | 1 2 3 |  3.6
Summonings     | 1 2 3 |  3.6
Necromancy     | 1 2 3 |  3.6
Translocations | 1 2 3 |  3.6
Transmutations | 1 2 3 |  3.6
Fire Magic     | 1 2 3 |  3.6
Ice Magic      | 1 2 3 |  3.6
Air Magic      | 1 2 3 |  3.6
Earth Magic    | 1 2 3 |  3.6
Poison Magic   | 1 2 3 |  3.6
Long Blades    | 5 6 |  6.4
Fighting       | 7 8 |  8.0
Armour         | 7 8 |  8.0
Shields        | 7 8 |  8.0

Action                   |  1- 3 |  4- 6 |  7- 9 || total
-------------------------+-------+-------+-------++-------
Melee: Long sword        |    69 |   114 |   250 ||   433
       Bite              |     9 |    14 |    56 ||    79
       Hand axe          |       |       |    89 ||    89
Evoke: Wand              |       |     2 |     6 ||     8
  Use: Potion            |     1 |       |     6 ||     7
       Scroll            |       |     9 |     9 ||    18
 Stab: Invisible         |       |     4 |       ||     4
       Confused          |       |       |     1 ||     1
  Eat: Chunk             |       |     6 |    12 ||    18
Armor: Scale mail        |    32 |    46 |    80 ||   158
       Plate armour      |       |       |    61 ||    61
       Skin              |       |       |    29 ||    29
Dodge: Dodged            |    19 |    31 |   130 ||   180
Block: Shield            |    35 |    78 |   242 ||   355
       Rpst.: Long sword |     6 |     9 |    29 ||    44

Table legend:
 A = Non-vault XP
 B = Vault XP
 C = Vault XP percentage of total XP
 D = Non-vault monster count
 E = Vault monster count
 F = Vault count percentage of total count
                 A         B        C        D         E       F
            +---------+---------+-------+---------+---------+-------
      Total |    2827 |    1177 |  29.4 |     142 |      30 |  17.4
            +---------+---------+-------+---------+---------+-------
        D:1 |      28 |       0 |   0.0 |      17 |       0 |   0.0
        D:2 |      74 |     223 |  75.1 |      14 |       1 |   6.7
        D:3 |      85 |      13 |  13.3 |      21 |       1 |   4.5
        D:4 |     188 |       0 |   0.0 |      13 |       0 |   0.0
        D:5 |     672 |      32 |   4.5 |      33 |       5 |  13.2
        D:6 |     799 |      86 |   9.7 |      21 |       2 |   8.7
        D:7 |     981 |     575 |  37.0 |      23 |       2 |   8.0
      Sewer |       0 |     248 | 100.0 |       0 |      19 | 100.0
            +---------+---------+-------+---------+---------+-------
